Zazza, neutral female human Tourist -- .. o ##@# --------- #G# |.......| # |........#### |.......| +.......| --------- Zazza the Sightseer Experience level: 4 Strength: 9 Dexterity: 14 Constitution: 18 Intelligence: 11 Wisdom: 8 Charisma: 18 Health: 0(49) Energy: 12(12) Def: 10 Gold: 625 Moves: 3083 Dungeon seed: sW7XwN8ohS7BgaeF Game ID: Zazza_1581845896 Your Inventory: Coins $ - 625 gold pieces Amulets P - an uncursed amulet of restful sleep (being worn) Weapons a - 27 blessed +2 darts (in quiver) c - a blessed corroded +2 dart D - a +0 dagger (weapon in hand) Armor e - a blessed +0 Hawaiian shirt r - an uncursed +0 dwarvish mithril-coat (being worn) B - an uncursed +0 pair of iron shoes (being worn) N - a cursed +0 dwarvish iron helm (being worn) Y - an uncursed +0 dwarvish cloak (being worn) Comestibles b - 6 uncursed food rations d - an uncursed pear h - 2 uncursed slime molds Scrolls i - an uncursed scroll of destroy armor k - 3 uncursed scrolls of magic mapping p - an uncursed scroll of identify s - a cursed scroll of earth v - an uncursed scroll of enchant armor z - an uncursed scroll of amnesia E - an uncursed scroll of light K - an uncursed scroll of enchant weapon L - an uncursed scroll of identify O - 2 uncursed scrolls of teleportation Spellbooks o - an uncursed spellbook of blank paper S - an uncursed spellbook of create monster U - an uncursed spellbook of blank paper Potions u - an uncursed potion of speed Rings t - a cursed -1 ring of gain constitution Wands n - a wand of striking (0:1) Tools l - an expensive camera (0:52) m - an uncursed credit card I - an uncursed skeleton key J - a blessed figurine of a hobbit M - an uncursed leather drum Gems q - 2 uncursed worthless pieces of orange glass Spells and supernatural/magical abilities: Name Level Category Fail Memory W - pray for help -- divine ? -- Your skills at the end: Fighting Skills Weapon Skills dagger [Basic] dart [Basic] Spellcasting Skills Final Attributes: You were piously aligned. You fell asleep. You are dead. Vanquished creatures: a paper golem a little dog a kitten a dwarf a giant bat a monkey a hobbit a hobgoblin 4 giant rats a brown mold a green mold a gnome a gnome zombie a gecko 3 jackals 4 foxes a kobold 2 goblins 4 grid bugs 5 lichens a kobold zombie 5 newts 42 creatures vanquished. Voluntary challenges: You used a wielded weapon 50 times, starting on turn 859. You read items or engraved 6 times, starting on turn 93. You never genocided any monsters. You never polymorphed an object. You never changed form. You used no wishes. You never split a pudding. You wrote Elbereth's name 4 times, starting on turn 93. You violated your moral code, losing 1 point of alignment, starting on turn 2648. Dungeon overview: The Dungeons of Doom: levels 1 to 8 Level 1 a fountain a long staircase Level 2 Level 3 a fountain, some sinks stairs to The Gnomish Mines Level 4 a general store Level 5 Level 8 <- You were here The Gnomish Mines: Level 4 stairs to The Dungeons of Doom History has recorded: On T:1 you entered the Dungeons of Doom to retrieve the Amulet of Yendor! On T:424 you reached level 2 of The Dungeons of Doom. On T:703 you advanced to experience level 2. On T:780 you reached level 3 of The Dungeons of Doom. On T:841 you reached level 1 of The Gnomish Mines. On T:924 you advanced to experience level 3. On T:2161 you reached level 4 of The Dungeons of Doom. On T:2484 you advanced to experience level 4. On T:3004 you reached level 5 of The Dungeons of Doom. On T:3052 you reached level 8 of The Dungeons of Doom. Score breakdown: Gold: 384 ( 8794 points) Experience: 4 levels ( 9649 points) Exploration: 8 levels ( 17.02%) (11702 points) Discoveries: 8 items ( 2.68%) ( 4915 points) Valuables value: (no points given unless you survive) Artifact value: 0 ( 0 points) Variety of kills: 22 monsters ( 5.77%) ( 7208 points) Turncount: 3083 turns ( -640 points) Survival: died (score multiplied by 80%) Total score: 33302 Latest messages: The gnome lord hits! You hit the gnome lord. The gnome lord misses. You hit the gnome lord. The gnome lord hits! You miss the gnome lord. The gnome lord hits! You hit the gnome lord. The hobgoblin wields a knife! The gnome lord misses. You write in the dust with your fingers. The hobgoblin thrusts his knife. The hobgoblin misses. Something is written here in the dust. You read: "El8`reth". You see no objects here. You are now wearing an octagonal amulet. The hobgoblin thrusts his knife. The hobgoblin hits! The gnome lord hits! (2x) You die... Final status: Aloha Zazza the Tourist, killed by a gnome lord... You died in The Dungeons of Doom on dungeon level 8 with 33302 points, and 625 pieces of gold, after 3083 moves. You were level 4 with a maximum of 49 hit points when you died.